 Dungeon Crawl Stone Soup version 0.30-a0-840-ga523dec638 (webtiles) character file.

Game seed: 1870551687482983604

32 avis the Trooper (level 2, -1/25 HPs)
             Began as a Demigod Warper on Mar 2, 2023.
             Slain by a goblin
             ... wielding a +0 club
             ... led by Robin
              (5 damage)
             ... on level 1 of the Dungeon.
             The game lasted 00:05:39 (965 turns).

avis the Trooper (Demigod Warper)                    Turns: 965, Time: 00:05:39

Health: -1/25      AC:  3    Str: 12    XL:     2   Next: 93%
Magic:  7/7        EV: 11    Int: 15    God:
Gold:   46         SH:  0    Dex: 13    Spells: 4/4 levels left

rFire   . . .      SeeInvis .    b - +2 whip (venom)
rCold   . . .      Faith    .    (no shield)
rNeg    . . .      Spirit   .    l - +0 leather armour
rPois   .          Reflect  .    (no helmet)
rElec   .          Harm     .    (no cloak)
rCorr   .          Rampage  .    (no gloves)
Will    .....                    (no boots)
Stlth   +                        (no amulet)
HPRegen 0.24/turn                (no ring)
MPRegen 0.10/turn                (no ring)

@: no status effects
A: high MP 1, forlorn, divine attributes
a: no special abilities


You were on level 1 of the Dungeon.
You visited 1 branch of the dungeon, and saw 2 of its levels.

You collected 46 gold pieces.

Inventory:

Hand Weapons
 a - a +0 falchion
 b - a +2 whip of venom (weapon)
 o - a +2 dagger of speed
Missiles
 d - 7 boomerangs of dispersal (quivered)
Armour
 l - a +0 leather armour (worn)
Scrolls
 c - 2 scrolls of blinking
 f - a scroll of fog {unknown}
 g - a scroll of teleportation {unknown}
 j - 3 scrolls of identify {unknown}
 k - 3 scrolls of magic mapping {unknown}
 n - a scroll of enchant weapon {unknown}
Potions
 e - a potion of might {unknown}
 h - a potion of magic {unknown}
 m - a potion of haste {unknown}


   Skills:
 * Level 2.9 Fighting
 - Level 2.0 Long Blades
 - Level 0.8 Throwing
 - Level 0.8 Armour
 - Level 1.7 Dodging
 - Level 1.0 Stealth
 - Level 1.7 Spellcasting
 - Level 2.6 Translocations


You had 4 spell levels left.
You didn't know any spells.
Your spell library contained the following spells:

 Spells                   Type           Power      Damage    Failure   Level
 Blink                    Tloc           18%        N/A       14%         2
 Lesser Beckoning         Tloc           18%        N/A       14%         2
 Freeze                   Ice            4%         1d3       28%         1
 Teleport Other           Tloc           9%         N/A       28%         3
 Vhi's Electric Charge    Tloc/Air       10%        N/A       45%         3
 Frozen Ramparts          Ice            2%         1d1       65%         3
 Hailstorm                Conj/Ice       1%         3d3       65%         3
 Manifold Assault         Tloc           9%         N/A       67%         4


Dungeon Overview and Level Annotations

Branches:
Dungeon (2/15)

Annotations:
D:1 Robin


Innate Abilities, Weirdness & Mutations

You have an increased reservoir of magic. (+10% MP)
You shall have no god before yourself.
Your divine heritage dramatically boosts your attributes as you level up.


Message History

Things that are here:
a +0 club; a +0 club You start resting.
HP restored.
You climb downwards.
Level annotation: Robin The hobgoblin barely misses you.
The goblin hits you with a +0 club. The goblin barely misses you.
The goblin hits you with a +0 club. x2
A goblin comes into view. It is wielding a +0 club.
The hobgoblin hits you.
There is a stone staircase leading up here.
Robin closely misses you. The hobgoblin closely misses you.
The goblin hits you with a +0 club. x2; The goblin barely misses you.
You climb upwards.
There is a stone staircase leading down here.
Things that are here:
a +0 club; a +0 club You whack the goblin!
You kill the goblin!
The goblin hits you with a +0 club.
Robin roars a battlecry!
The goblins go into a battle-frenzy!
You completely miss the hobgoblin. The goblin hits you but does no damage.
The hobgoblin hits you.
* * * LOW HITPOINT WARNING * * *
You barely miss the hobgoblin. You punch the hobgoblin.
The hobgoblin is moderately wounded.
The goblin closely misses you.
Robin's horned helmet rattles.
The hobgoblin hits you.
* * * LOW HITPOINT WARNING * * *
You feel better. The goblin closely misses you. The hobgoblin hits you.
You hit the hobgoblin.
The hobgoblin is poisoned.
The hobgoblin is almost dead.
You kill the hobgoblin!
The goblin hits you with a +0 club.
* * * LOW HITPOINT WARNING * * *
You don't know any spells.
The goblin attacks as you move away! The goblin hits you with a +0 club.
You die...

##...##..
##.....#.#
#........#
#......###
#......#
#########......#
#gg.....[......#
#g#######......#
#@# #......# #)#
#.######## #.#
#.# #. #.# #.#
#. #.# #.# #.
#.# #.# #. #.#
#.# #. #.# #.#
#. #.#######.###
#.


You could see Robin and 2 goblins.

Vanquished Creatures
  A worm (D:2)
  2 bats (D:1)
  A giant cockroach (D:1)
  5 goblins (D:1)
  4 hobgoblins (D:1)
  2 jackals (D:1)
  A kobold (D:1)
  5 ball pythons
  A frilled lizard (D:1)
  3 rats
25 creatures vanquished.

Vanquished Creatures (others)
  A plant (D:1)
1 creature vanquished.

Grand Total: 26 creatures vanquished

Notes
Turn   | Place    | Note
-------+----------+-------------------------------------------
     0 | D:1      | avis the Demigod Warper began the quest for the Orb.
     0 | D:1      | Reached XP level 1. HP: 17/17 MP: 5/5
   106 | D:1      | Reached skill level 1 in Stealth
   450 | D:1      | Reached XP level 2. HP: 19/24 MP: 7/7
   884 | D:2      | Noticed Robin
   965 | D:1      | Slain by a goblin

Illustrated notes

Levels and vault maps discovered:
D:1:      denvon_arrival_planthouse, layout_loops_ring,
          chequers_ecumenical_altar_simple_redux
D:2:      kennysheep_big_flooded_room, layout_rooms, basic_altar,
          minmay_misc_feat_plants, minmay_split_cup_small, uniq_robin,
          uniq_natasha

Skill      XL: |  1 |
---------------+----+-----
Stealth        | 1 |  1.0
Long Blades    | 2 |  2.0
Fighting       | 2 |  2.9
Throwing       | |  0.8
Armour         | |  0.8
Dodging        | |  1.7
Spellcasting   | |  1.7
Translocations | |  2.6

Action                     || total
---------------------------++-------
  Melee: Falchion          ||    19
         Whip              ||    51
         Punch             ||     1
    Use: Potion            ||     2
   Stab: Sleeping          ||     2
 Armour: Leather armour    ||    20
  Dodge: Dodged            ||    49

Table legend: (Time is in decaauts)
 A = Elapsed time spent in this place.
 B = Non-inter-level travel time spent in this place.
 C = Inter-level travel time spent in this place.
 D = Time resting spent in this place.
 E = Time spent auto-exploring this place.
 F = Levels seen in this place.
 G = Mean time per level.
                   A        B        C        D        E       F      G
               +--------+--------+--------+--------+--------+-----+--------+
         Total |    975 |    874 |    101 |     95 |    502 |   2 |  487.5 |
       Dungeon |    975 |    874 |    101 |     95 |    502 |   2 |  487.5 |
               +--------+--------+--------+--------+--------+-----+--------+

Top non-repeatable levels by time:
     D:1: 899 daAuts
     D:2: 76 daAuts
